 Dungeon Crawl Stone Soup version 0.21.1-1-g345015fe64 (webtiles) character file.

25 Naru the Bolt Thrower (level 3, 0/21 HPs)
             Began as a Kobold Hunter on June 14, 2018.
             Slain by an adder (3 damage)
             ... on level 2 of the Dungeon.
             The game lasted 00:02:27 (1046 turns).

Naru the Bolt Thrower (Kobold Hunter)               Turns: 1046, Time: 00:02:28

Health: 0/21       AC:  3    Str: 14    XL:     3   Next: 20%
Magic:  3/3        EV: 15    Int: 15    God:
Gold:   22         SH:  0    Dex: 16    Spells: 2/2 levels left

rFire    . . .     SeeInvis .   a - +1 hand crossbow
rCold    . . .     Gourm    .   (shield restricted)
rNeg     . . .     Faith    .   c - +0 leather armour
rPois    .         Spirit   .   (no helmet)
rElec    .         Reflect  .   (no cloak)
rCorr    .         Harm     .   (no gloves)
MR       .....                  (no boots)
Stlth    ++........             (no amulet)
HPRegen  0.07/turn              l - +3 ring of intelligence
MPRegen  0.08/turn              (no ring)

@: mighty, lethally poisoned (0 -> -8)
A: small, carnivore
a: no special abilities


You were on level 2 of the Dungeon.
You were not hungry.

You visited 1 branch of the dungeon, and saw 2 of its levels.

You collected 22 gold pieces.

Inventory:

Hand Weapons
 a - a +1 hand crossbow (weapon)
 b - a +0 short sword
Missiles
 d - 11 bolts (quivered)
 i - 10 arrows
Armour
 c - a +0 leather armour (worn)
Jewellery
 l - a +3 ring of intelligence (left hand)
Scrolls
 g - a scroll of identify {unknown}
 h - a scroll of immolation {unknown}
 k - a scroll of amnesia {unknown}
 m - 2 scrolls of teleportation {unknown}
Potions
 j - a potion of mutation
 n - a potion of curing {unknown}
Comestibles
 f - 4 rations
 o - 2 chunks of flesh


   Skills:
 + Level 2.1 Fighting
 * Level 5.6 Crossbows
 + Level 1.0 Armour
 + Level 2.4 Dodging
 * Level 1.3 Stealth


You had 2 spell levels left.
You didn't know any spells.

Dungeon Overview and Level Annotations

Branches:
Dungeon (2/15)

Altars:


Innate Abilities, Weirdness & Mutations

You are small and have problems with some larger weapons.
You are carnivorous and can eat meat at any time.


Message History

You shoot a bolt. The bolt hits the adder!
You kill the adder!
Your Armour skill increases to level 1!
You have reached level 3!
Your experience leads to an increase in your attributes!
Your base attributes are Str 9, Int 12, Dex 15.
Increase (S)trength, (I)ntelligence, or (D)exterity?
You feel agile.
* * * LOW HITPOINT WARNING * * *
You feel sick. The adder closely misses you. The adder bites you.
* * * LOW HITPOINT WARNING * * *
Unknown command.
It was a potion of might.
You feel very mighty all of a sudden.
* * * LOW HITPOINT WARNING * * *
You feel sick. The adder misses you.
It was a potion of mutation.
You feel extremely strange.
Your connection to magic feels subdued.
Your magic regains its normal vibrancy.
The adder bites you.
You die...

#..........#
#####..........# .
..........)....#
%#
...............#.#
...>.............#
######........####
###....?..#
#.........#
#.###..@..#
#(....(S..#
....#......# ##.
#(##..## # ...
....# .... .....#
..... ...)...
..... .....###.
.... ?..#


You could see an adder.

Vanquished Creatures
  An adder (D:2)
  A worm (D:1)
  A ball python (D:1)
  3 goblins (D:1)
  A hobgoblin (D:1)
  2 bats
  A frilled lizard (D:1)
  2 kobolds (D:1)
  3 rats
15 creatures vanquished.

Notes
Turn   | Place    | Note
-------+----------+-------------------------------------------
     0 | D:1      | Naru the Kobold Hunter began the quest for the Orb.
     0 | D:1      | Reached XP level 1. HP: 12/12 MP: 1/1
    40 | D:1      | Reached skill level 5 in Crossbows
   150 | D:1      | Reached XP level 2. HP: 8/17 MP: 2/2
  1044 | D:2      | Reached skill level 1 in Armour
  1044 | D:2      | Reached XP level 3. HP: 7/21 MP: 3/3
  1046 | D:2      | Gained mutation: Your spells are a little easier to cast, but a little less powerful. [potion of mutation]
  1046 | D:2      | Lost mutation: Your spells are a little easier to cast, but a little less powerful. [potion of mutation]
  1046 | D:2      | Slain by an adder

Skill      XL: |  1  2 |
---------------+-------+-----
Crossbows      | 5 |  5.6
Armour         | 1 |  1.0
Fighting       | |  2.1
Dodging        | |  2.4
Stealth        | |  1.3

Action                   || total
-------------------------++-------
Melee: Short sword       ||    17
 Fire: Hand crossbow     ||    34
  Use: Potion            ||     2
 Stab: Sleeping          ||     1
Armor: Leather armour    ||    12
Dodge: Dodged            ||    39
